PA
GALESBURG GUZZLERS @ YELLOWKNIFE DRAGONBLOOD
09/01/2021
 
TOP OF THE 1ST
Galesburg Guzzlers batting - Pitching for Yellowknife Dragonblood : LHP Yoshida Kudo
Pitching: LHP Yoshida Kudo
Batting: LHB Carroll Martin 0-0: Foul Ball, location: 2F
0-1: Swinging Strike
0-2: Foul Ball, location: 2F
0-2: Ball
1-2: Foul Ball, location: 2F
1-2: Strikes out swinging
Batting: RHB Mark Vidal 0-0: Foul Ball, location: 2F
0-1: Ball
1-1: Foul Ball, location: 2F
1-2: Strikes out swinging
Batting: RHB Roy Herring 0-0: Ball
1-0: SINGLE (Flyball, 9LS)
Batting: SHB Thomas Sherman 0-0: Ball
1-0: Foul Ball, location: 2F
1-1: Called Strike
1-2: Strikes out looking
Top of the 1st over - 0 run(s), 1 hit(s), 0 error(s), 1 left on base; Galesburg 0 - Yellowknife 0
BOTTOM OF THE 1ST
Yellowknife Dragonblood batting - Pitching for Galesburg Guzzlers : LHP Alfredo Sánchez
Pitching: LHP Alfredo Sánchez
Batting: RHB Héctor Ruíz 0-0: Ball
1-0: Ball
2-0: Foul Ball, location: 2F
2-1: Ball
3-1: Swinging Strike
3-2: SINGLE (Groundball, 15) (infield hit)
Batting: RHB Pedro Rivera 0-0: Hit by Pitch
Héctor Ruíz to second
Batting: RHB Javier Chávez 0-0: Ball
1-0: Ball
2-0: Fly out, F9 (Flyball, 89M)
Batting: LHB Aurelio Aurillo 0-0: Foul Ball, location: 2F
0-1: Ball
1-1: SINGLE (Line Drive, 4D)
Héctor Ruíz to third
Pedro Rivera to second
Runner from 3rd tries for Home, SAFE, no throw or cutoff
Batting: RHB Iván Miranda 0-0: Ball
1-0: Ball
2-0: SINGLE (Groundball, 56D)
Pedro Rivera to third
Aurelio Aurillo to second
Batting: RHB Javier De Jesús 0-0: Called Strike
0-1: SINGLE (Flyball, 78S)
Pedro Rivera scores
Aurelio Aurillo to third
Iván Miranda to second
Batting: RHB Lloyd Walsh 0-0: Ball
1-0: Ball
2-0: Foul Ball, location: 2F
2-1: Ball
3-1: Foul Ball, location: 2F
3-2: DOUBLE (Groundball, 5L)
Aurelio Aurillo scores
Iván Miranda scores
Javier De Jesús to third
Runner from 3rd tries for Home, SAFE, no throw or cutoff
Batting: RHB Higino Malrasca 0-0: Ball
Lloyd Walsh is caught stealing 3rd base
1-0: Ball
2-0: Ball
3-0: Called Strike
3-1: Ground out 4-3 (Groundball, 4)
Bottom of the 1st over - 5 run(s), 5 hit(s), 0 error(s), 0 left on base; Galesburg 0 - Yellowknife 5
TOP OF THE 2ND
Galesburg Guzzlers batting - Pitching for Yellowknife Dragonblood : LHP Yoshida Kudo
Batting: RHB Daniel Ybarra 0-0: Ball
1-0: Ball
2-0: Foul Ball, location: 2F
2-1: Foul Ball, location: 2F
2-2: Strikes out looking
Batting: RHB Cole McKnight 0-0: Called Strike
0-1: Ball
1-1: Ball
2-1: Ball
3-1: Foul Ball, location: 2F
3-2: Foul Ball, location: 2F
3-2: Base on Balls
Batting: RHB Jack Sloan 0-0: Ball
1-0: Ball
2-0: Called Strike
2-1: Ball
3-1: Called Strike
3-2: Foul Ball, location: 2F
3-2: Base on Balls
Cole McKnight to second
Batting: LHB Ray Anderson 0-0: Ball
1-0: Swinging Strike
1-1: Ball
2-1: Swinging Strike
2-2: Strikes out swinging
Batting: RHB Ken Dillon 0-0: Foul Ball, location: 2F
0-1: Swinging Strike
0-2: Foul Ball, location: 2F
0-2: SINGLE (Line Drive, 9LS)
Cole McKnight to third
Jack Sloan to second
Runner from 3rd tries for Home, SAFE, no throw or cutoff
Batting: LHB Carroll Martin 0-0: Ball
1-0: Fly out, F8 (Line Drive, 8LM)
Top of the 2nd over - 1 run(s), 1 hit(s), 0 error(s), 2 left on base; Galesburg 1 - Yellowknife 5
BOTTOM OF THE 2ND
Yellowknife Dragonblood batting - Pitching for Galesburg Guzzlers : LHP Alfredo Sánchez
Batting: LHB Jorge Garza 0-0: Called Strike
0-1: SINGLE (Line Drive, 8RS)
Batting: RHB Héctor Ruíz 0-0: Called Strike
0-1: Ball
1-1: Reached on error, E1 (Groundball, 13)
Jorge Garza to second
Batting: RHB Pedro Rivera 0-0: Ball
1-0: Ball
2-0: Ball
3-0: Base on Balls
Jorge Garza to third
Héctor Ruíz to second
Batting: RHB Javier Chávez 0-0: Ball
1-0: Fly out, F9 (Flyball, 89S)
Batting: LHB Aurelio Aurillo 0-0: Ground out 3-1 (Groundball, 34)
Jorge Garza scores
Héctor Ruíz to third
Pedro Rivera to second
Batting: RHB Iván Miranda 0-0: Ball
1-0: Foul Ball, location: 2F
1-1: Ball
2-1: Fly out, F7 (Flyball, 78M)
Bottom of the 2nd over - 1 run(s), 1 hit(s), 1 error(s), 2 left on base; Galesburg 1 - Yellowknife 6
TOP OF THE 3RD
Galesburg Guzzlers batting - Pitching for Yellowknife Dragonblood : LHP Yoshida Kudo
Batting: RHB Mark Vidal 0-0: Swinging Strike
0-1: Ball
1-1: Swinging Strike
1-2: Foul Ball, location: 2F
1-2: Strikes out swinging
Batting: RHB Roy Herring 0-0: Ball
1-0: Foul Ball, location: 2F
1-1: Swinging Strike
1-2: Fly out, F9 (Flyball, 89M)
Batting: SHB Thomas Sherman 0-0: Ball
1-0: Ball
2-0: Foul Ball, location: 2F
2-1: Foul Ball, location: 2F
2-2: Fly out, F8 (Flyball, 8RM)
Top of the 3rd over - 0 run(s), 0 hit(s), 0 error(s), 0 left on base; Galesburg 1 - Yellowknife 6
BOTTOM OF THE 3RD
Yellowknife Dragonblood batting - Pitching for Galesburg Guzzlers : LHP Alfredo Sánchez
Batting: RHB Javier De Jesús 0-0: SINGLE (Groundball, 6MD)
Batting: RHB Lloyd Walsh 0-0: Called Strike
0-1: Called Strike
0-2: Ball
1-2: Ball
2-2: Fly out, F9 (Flyball, 9LMF)
Batting: RHB Higino Malrasca 0-0: Called Strike
0-1: Foul Ball, location: 2F
0-2: Ball
1-2: Fielders Choice at 2nd, 1-6 (Groundball, 23)
Batting: LHB Jorge Garza 0-0: Ball
1-0: Ball
2-0: DOUBLE (Line Drive, 9LM)
Higino Malrasca to third
Runner from 3rd tries for Home, SAFE, no throw or cutoff
Pitching: RHP Kevin McCoy
Batting: RHB Héctor Ruíz 0-0: Ball
1-0: DOUBLE (Flyball, 7LM)
Jorge Garza scores
Batting: RHB Pedro Rivera 0-0: Ball
1-0: Foul Ball, location: 2F
1-1: Ball
2-1: Foul Ball, location: 2F
Pickoff Throw to Second - Error! E1
Héctor Ruíz to third
2-2: DOUBLE (Line Drive, 5D)
Héctor Ruíz scores
Pinch Runner at 2nd Gabriel Córdova:
Batting: RHB Javier Chávez 0-0: Fly out, F3 (Popup, 3F)
Bottom of the 3rd over - 3 run(s), 4 hit(s), 1 error(s), 1 left on base; Galesburg 1 - Yellowknife 9
TOP OF THE 4TH
Galesburg Guzzlers batting - Pitching for Yellowknife Dragonblood : LHP Yoshida Kudo
Now at 1B: Gabriel Córdova
Batting: RHB Daniel Ybarra 0-0: Called Strike
0-1: Ball
1-1: Ball
2-1: Fly out, F9 (Line Drive, 89M)
Batting: RHB Cole McKnight 0-0: Called Strike
0-1: Fly out, F9 (Flyball, 9M)
Batting: RHB Jack Sloan 0-0: Called Strike
0-1: Ball
1-1: Swinging Strike
1-2: Ball
2-2: Ball
3-2: Base on Balls
Batting: LHB Ray Anderson 0-0: Ball
1-0: Called Strike
1-1: Foul Ball, location: 2F
1-2: Foul Ball, location: 2F
1-2: Ball
2-2: Strikes out swinging
Top of the 4th over - 0 run(s), 0 hit(s), 0 error(s), 1 left on base; Galesburg 1 - Yellowknife 9
BOTTOM OF THE 4TH
Yellowknife Dragonblood batting - Pitching for Galesburg Guzzlers : RHP Kevin McCoy
Batting: LHB Aurelio Aurillo 0-0: Called Strike
0-1: Ball
1-1: Ball
2-1: Foul Ball, location: 2F
2-2: Ball
3-2: Base on Balls
Batting: RHB Iván Miranda 0-0: SINGLE (Groundball, 34D)
Aurelio Aurillo to second
Runner from 2nd tries for 3rd, SAFE, throw made to third
Now in RF: Jim Unknown
Batting: RHB Javier De Jesús 0-0: Called Strike
0-1: Ball
1-1: Ball
2-1: 3-RUN HOME RUN (Flyball, 8LXD), Distance : 434 ft
Pitching: RHP Victor de Meij
Batting: RHB Lloyd Walsh 0-0: Called Strike
0-1: Ball
1-1: Swinging Strike
1-2: Strikes out swinging
Batting: RHB Higino Malrasca 0-0: Ball
1-0: Called Strike
1-1: Ground out 6-3 (Groundball, 6)
Batting: LHB Jorge Garza 0-0: Called Strike
0-1: Ball
1-1: SINGLE (Groundball, 4M)
Batting: RHB Héctor Ruíz 0-0: Ball
1-0: Ball
2-0: Foul Ball, location: 2F
2-1: Called Strike
2-2: Ball
3-2: Strikes out swinging
Bottom of the 4th over - 3 run(s), 3 hit(s), 0 error(s), 1 left on base; Galesburg 1 - Yellowknife 12
TOP OF THE 5TH
Galesburg Guzzlers batting - Pitching for Yellowknife Dragonblood : LHP Yoshida Kudo
Batting: RHB Ken Dillon 0-0: Ball
1-0: Fly out, F6 (Popup, 5DF)
Batting: LHB Carroll Martin 0-0: Swinging Strike
0-1: Swinging Strike
0-2: Ball
1-2: Foul Ball, location: 2F
1-2: Ball
2-2: Ball
3-2: Foul Ball, location: 2F
3-2: Foul Ball, location: 2F
3-2: SINGLE (Line Drive, 8LS)
Batting: RHB Mark Vidal 0-0: Called Strike
0-1: Ball
1-1: Ball
2-1: SINGLE (Flyball, 8LS)
Carroll Martin to second
Pitching: RHP Rodger de Meza
Batting: RHB Roy Herring 0-0: Ball
1-0: Called Strike
1-1: Ball
2-1: Ball
Wild Pitch!
Carroll Martin to third
Mark Vidal to second
3-1: Called Strike
3-2: Base on Balls
Batting: SHB Thomas Sherman 0-0: Fly out, F8 (Flyball, 8LS)
Batting: RHB Daniel Ybarra 0-0: Ball
1-0: Called Strike
1-1: Swinging Strike
1-2: Strikes out swinging
Top of the 5th over - 0 run(s), 2 hit(s), 0 error(s), 3 left on base; Galesburg 1 - Yellowknife 12
BOTTOM OF THE 5TH
Yellowknife Dragonblood batting - Pitching for Galesburg Guzzlers : RHP Victor de Meij
Batting: LHB Gabriel Córdova 0-0: Ground out U3 (Groundball, 3L)
Batting: RHB Javier Chávez 0-0: Swinging Strike
0-1: Ball
1-1: Foul Ball, location: 2F
1-2: Strikes out swinging
Batting: LHB Aurelio Aurillo 0-0: Called Strike
0-1: Ball
1-1: Ball
2-1: Ground out 4-3 (Groundball, 13)
Bottom of the 5th over - 0 run(s), 0 hit(s), 0 error(s), 0 left on base; Galesburg 1 - Yellowknife 12
TOP OF THE 6TH
Galesburg Guzzlers batting - Pitching for Yellowknife Dragonblood : RHP Rodger de Meza
Batting: RHB Cole McKnight 0-0: Called Strike
0-1: Called Strike
0-2: Ball
1-2: Foul Ball, location: 2F
1-2: SINGLE (Line Drive, 56)
Batting: RHB Jack Sloan 0-0: Called Strike
0-1: DOUBLE (Line Drive, 78M)
Cole McKnight to third
Batting: LHB Jim Unknown 0-0: Called Strike
0-1: Ground out 3-1 (Groundball, 34S)
Cole McKnight scores
Jack Sloan to third
Batting: RHB Ken Dillon 0-0: Foul Ball, location: 2F
0-1: Ball
1-1: Ball
2-1: SINGLE (Line Drive, 6M)
Jack Sloan scores
Batting: LHB Carroll Martin 0-0: Ball
1-0: Swinging Strike
1-1: Ball
2-1: Called Strike
2-2: Strikes out looking
Batting: RHB Mark Vidal 0-0: Called Strike
0-1: Called Strike
0-2: Strikes out swinging
Top of the 6th over - 2 run(s), 3 hit(s), 0 error(s), 1 left on base; Galesburg 3 - Yellowknife 12
BOTTOM OF THE 6TH
Yellowknife Dragonblood batting - Pitching for Galesburg Guzzlers : RHP Victor de Meij
Batting: RHB Iván Miranda 0-0: Ball
1-0: Ball
2-0: Foul Ball, location: 2F
2-1: Swinging Strike
2-2: Ball
3-2: Strikes out looking
Batting: RHB Javier De Jesús 0-0: Called Strike
0-1: SINGLE (Line Drive, 7LS)
Batting: RHB Lloyd Walsh 0-0: Called Strike
0-1: Ball
Javier De Jesús steals 2nd base
1-1: Swinging Strike
1-2: SINGLE (Line Drive, 56D)
Javier De Jesús to third
Runner from 3rd tries for Home, SAFE, no throw or cutoff
Batting: RHB Higino Malrasca 0-0: Ball
1-0: Ball
2-0: Foul Ball, location: 2F
2-1: SINGLE (Line Drive, 6MD)
Lloyd Walsh to second
Batting: LHB Jorge Garza 0-0: Ball
1-0: Ground out 4-3 (Groundball, 4M)
Lloyd Walsh to third
Higino Malrasca to second
Batting: RHB Héctor Ruíz 0-0: Fly out, F6 (Line Drive, 6)
Bottom of the 6th over - 1 run(s), 3 hit(s), 0 error(s), 2 left on base; Galesburg 3 - Yellowknife 13
TOP OF THE 7TH
Galesburg Guzzlers batting - Pitching for Yellowknife Dragonblood : RHP Rodger de Meza
Batting: RHB Roy Herring 0-0: Fly out, F4 (Line Drive, 4)
Pinch Hitting: LHB Chris Etheridge 0-0: Ball
1-0: SINGLE (Groundball, 4D)
Batting: RHB Daniel Ybarra 0-0: Called Strike
0-1: Ball
1-1: Foul Ball, location: 2F
1-2: Strikes out swinging
Chris Etheridge is caught stealing 2nd base
Batter strikes out.
Top of the 7th over - 0 run(s), 1 hit(s), 0 error(s), 0 left on base; Galesburg 3 - Yellowknife 13
BOTTOM OF THE 7TH
Yellowknife Dragonblood batting - Pitching for Galesburg Guzzlers : RHP Victor de Meij
Now in LF: Martín Cruz
Batting: LHB Gabriel Córdova 0-0: Ground out U3 (Groundball, 3)
Batting: RHB Javier Chávez 0-0: Called Strike
0-1: Ball
1-1: Ball
2-1: Swinging Strike
2-2: Strikes out looking
Batting: LHB Aurelio Aurillo 0-0: Called Strike
0-1: Foul Ball, location: 2F
0-2: Ball
1-2: Ball
2-2: Strikes out swinging
Bottom of the 7th over - 0 run(s), 0 hit(s), 0 error(s), 0 left on base; Galesburg 3 - Yellowknife 13
TOP OF THE 8TH
Galesburg Guzzlers batting - Pitching for Yellowknife Dragonblood : RHP Rodger de Meza
Batting: RHB Cole McKnight 0-0: Ball
1-0: Foul Ball, location: 2F
1-1: Called Strike
1-2: Foul Ball, location: 2F
Single, Error in OF, E8, batter to second base
Batting: RHB Jack Sloan 0-0: Fly out, F2 (Popup, 2LF)
Batting: LHB Jim Unknown 0-0: Ball
1-0: Foul Ball, location: 2F
1-1: Ball
2-1: Ground out 4-3 (Groundball, 4)
Cole McKnight to third
Pinch Hitting: SHB Jim Unknown 0-0: Foul Ball, location: 2F
0-1: Called Strike
0-2: Ball
1-2: Foul Ball, location: 2F
1-2: Strikes out looking
Top of the 8th over - 0 run(s), 1 hit(s), 1 error(s), 1 left on base; Galesburg 3 - Yellowknife 13
BOTTOM OF THE 8TH
Yellowknife Dragonblood batting - Pitching for Galesburg Guzzlers : RHP Victor de Meij
Now at 1B: Ralph Gilbert
Batting: RHB Iván Miranda 0-0: Ball
1-0: Fly out, F8 (Line Drive, 8LM)
Batting: RHB Javier De Jesús 0-0: Ball
1-0: Ball
2-0: Ball
3-0: Called Strike
3-1: Base on Balls
Batting: RHB Lloyd Walsh 0-0: Called Strike
0-1: Ball
1-1: Ball
2-1: Called Strike
2-2: Foul Ball, location: 2F
2-2: Foul Ball, location: 2F
2-2: SINGLE (Line Drive, 89S)
Javier De Jesús to second
Batting: RHB Higino Malrasca 0-0: Called Strike
Javier De Jesús is caught stealing 3rd base
Lloyd Walsh to second
0-1: Ball
1-1: Ball
2-1: Foul Ball, location: 2F
2-2: Ball
3-2: SINGLE (Groundball, 34D)
Lloyd Walsh to third
Lloyd Walsh scores
Batting: LHB Jorge Garza 0-0: Ball
Higino Malrasca steals 2nd base
1-0: Ball
2-0: Ball
3-0: Swinging Strike
3-1: Called Strike
3-2: Ground out 3-1 (Groundball, 34S)
Bottom of the 8th over - 1 run(s), 2 hit(s), 0 error(s), 1 left on base; Galesburg 3 - Yellowknife 14
TOP OF THE 9TH
Galesburg Guzzlers batting - Pitching for Yellowknife Dragonblood : RHP Rodger de Meza
Pitching: RHP Roy Gartner
Now at 2B: Curt Johnston
Batting: LHB Carroll Martin 0-0: Foul Ball, location: 2F
0-1: Foul Ball, location: 2F
0-2: Strikes out swinging
Batting: RHB Mark Vidal 0-0: Called Strike
0-1: Fly out, F7 (Flyball, 7M)
Batting: RHB Roy Herring 0-0: Foul Ball, location: 2F
0-1: SINGLE (Groundball, 56D)
Batting: LHB Martín Cruz 0-0: Ball
1-0: Foul Ball, location: 2F
1-1: Foul Ball, location: 2F
1-2: Ball
2-2: Ball
3-2: Strikes out swinging
Top of the 9th over - 0 run(s), 1 hit(s), 0 error(s), 1 left on base; Galesburg 3 - Yellowknife 14
This league is powered by Out of the Park Baseball, the baseball management simulation game for PC, Mac and Linux
Friday, January 22nd, 2016 - OOTP Baseball 16.9 Build 39